 Dungeon Crawl Stone Soup version 0.21.1-1-g345015f (console) character file.

87 tminei the Caller (level 4, -2/31 HPs)
             Began as a Vampire Summoner on July 19, 2018.
             Was an Initiate of Gozag.
             Slain by Ethylacetat's ghost (5 damage)
             ... on level 3 of the Dungeon.
             The game lasted 00:33:31 (3896 turns).

tminei the Caller (Vampire Summoner)                Turns: 3896, Time: 00:33:32

Health: -2/31      AC:  6    Str: 11    XL:     4   Next: 28%
Magic:  1/8        EV: 13    Int: 18    God:    Gozag
Gold:   221        SH:  0    Dex: 14    Spells: 0/9 levels left

rFire    . . .     SeeInvis +   o - -2 spear
rCold    + . .     Gourm    .   (no shield)
rNeg     + + .     Faith    .   g - +1 robe
rPois    +         Spirit   .   s - +1 helmet
rElec    .         Reflect  .   (no cloak)
rCorr    .         Harm     .   t - +0 pair of gloves
MR       .....                  (no boots)
Stlth    +++.......             (no amulet)
HPRegen  0.05/turn              x - +2 ring of slaying
MPRegen  0.11/turn              y - +4 ring of strength

@: very slightly contaminated, regenerating slowly
A: fangs 3, see invisible, unbreathing
a: Bat Form, Potion Petition, Call Merchant, Bribe Branch, Renounce Religion


You were on level 3 of the Dungeon.
You worshipped Gozag.
Gozag was aware of your devotion.
You were thirsty.

You visited 1 branch of the dungeon, and saw 3 of its levels.

You collected 238 gold pieces.
You paid 17 gold pieces to Gozag.

Inventory:

Hand Weapons
 d - a +0 short sword
 j - a +0 short sword of electrocution
 o - a -2 spear (weapon)
Missiles
 k - 42 arrows
 l - 22 stones (quivered)
 m - 12 bolts
 B - 18 sling bullets
 C - 2 tomahawks
Armour
 a - a +0 robe
 g - a +1 robe (worn)
 s - a +1 helmet (worn)
 t - a +0 pair of gloves (worn)
Jewellery
 x - a +2 ring of slaying (left hand)
 y - a +4 ring of strength (right hand)
Wands
 p - a wand of disintegration (18)
 z - a wand of paralysis (10)
Scrolls
 f - 3 scrolls of magic mapping
 n - a scroll of fear {unknown}
 q - 2 scrolls of amnesia
 r - a scroll of immolation
 v - a scroll of enchant armour
 w - a scroll of fog {unknown}
 D - a scroll of random uselessness {unknown}
 E - a scroll of enchant weapon {unknown}
Potions
 e - 3 potions of haste
 h - a potion of berserk rage {unknown}
 u - a potion of curing
Books
 b - a book of Callings

   Spells                             Type                      Level
   a - Summon Small Mammal            Summoning                    1
   b - Call Imp                       Summoning                    2
   c - Call Canine Familiar           Summoning                    3
   d - Summon Guardian Golem          Hexes/Summoning              3
   e - Summon Lightning Spire         Summoning/Air                4
   f - Summon Ice Beast               Ice/Summoning                4
Comestibles
 i - 6 rations


   Skills:
 + Level 0.5 Fighting
 + Level 2.3 Dodging
 + Level 3.0 Stealth
 + Level 0.3 Unarmed Combat
 + Level 3.1 Spellcasting
 + Level 4.9 Summonings


You couldn't memorise any spells.
You knew the following spells:

 Your Spells              Type           Power        Failure   Level  Hunger
a - Summon Small Mammal   Summ           ###.         2%          1    None
b - Call Imp              Summ           ###.....     3%          2    ##.....
c - Summon Guardian Gole  Hex/Summ       ##......     17%         3    ###....
d - Call Canine Familiar  Summ           ###.....     6%          3    ###....


Dungeon Overview and Level Annotations

Branches:
Dungeon (3/15)

Altars:
Cheibriados
Fedhas
Gozag
Yredelemnul

Annotations:
D:3 Ethylacetat's ghost, amateur NaAK


Innate Abilities, Weirdness & Mutations

You heal slowly.
You have razor-sharp teeth.
You have supernaturally acute eyesight. (SInv)
You can survive without breathing.


Message History

Ethylacetat's ghost hits your white imp!
Your white imp dies!
Ethylacetat's ghost hits you!
You take 9 damage, and have 22/31 hp.
MASSIVE DAMAGE!!
Casting: Call Imp
Confirm with . or Enter, or press ? or * to list all spells.
You miscast Call Imp.
Shadowy shapes form in the air around you, then vanish.
Ethylacetat's ghost hits you!
You take 8 damage, and have 14/31 hp.
MASSIVE DAMAGE!!
You now have 1/8 mp.
Ethylacetat's ghost hits you!
* * * LOW HITPOINT WARNING * * *
You take 11 damage, and have 3/31 hp.
MASSIVE DAMAGE!!
Ethylacetat's ghost hits you.
You die...
Your body crumbles into a pile of gold.

...........Ї
Ї.Ї.....5....
...........Ї Ї
Ї.Ї>ЇЇЇЇЇЇ. ...........Ї
Ї.Ї.ЇЇЇЇЇЇ.
ЇЇЇЇЇЇЇЇЇWЇ.....Ї
..Ї.Ї...... Ї.Ї
ЇЇЇЇЇЇЇЇЇ.Ї.ЇЇ.Ї. Ї.Ї ...
Ї.Ї. Ї.Ї Ї.Ї. Ї.Ї Ї.Ї.
Ї.Ї Ї.ЇЇ Ї.Ї Ї.ЇЇ Ї$Ї
Ї... Ї.Ї Ї.ЇЇ
ЇЇЇЇЇ$ЇЇЇЇЇЇЇЇЇЇЇЇЇЇЇЇЇ..
Ї.....Ї..................
Ї.....Ї.ЇЇЇЇЇЇЇЇЇЇЇЇЇЇЇ..
Ї.....Ї.Ї Ї.. Ї.....Ї.Ї
Ї.. ЇЇЇЇЇ.Ї.Ї Ї.. Ї.Ї.Ї
Ї.. Ї.Ї.Ї Ї.. Ї.Ї.ЇЇЇЇЇЇЇ
Ї.. Ї.Ї)ЇЇ....Ї Ї..
Ї.Ї.ЇЇ.ЇЇ.Ї Ї..
Ї.Ї.ЇЇ.ЇЇ.Ї ЇЇЇ
Ї.Ї.ЇЇ.ЇЇ.Ї Ї.Ї.ЇЇ.ЇЇ.Ї
Ї.Ї@ЇЇ.ЇЇ.Ї Ї.Ї.W..ЇЇ.Ї
Ї.ЇЇЇЇЇЇЇ.Ї Ї.........Ї


ЇЇЇЇЇЇЇЇЇЇЇ You could see Ethylacetat's ghost.

Vanquished Creatures
  An orc wizard (D:3)
  A worm (D:3)
  2 dart slugs
  3 orcs (D:3)
  2 bats
  A giant cockroach (D:1)
  A gnoll zombie (D:2)
  A hobgoblin (D:3)
  A quokka (D:2)
  2 frilled lizards (D:3)
  2 rats (D:2)
17 creatures vanquished.

Vanquished Creatures (collateral kills)
  3 adders (D:2)
  2 worms (D:3)
  2 leopard geckos
  An orc (D:3)
  A giant cockroach (D:2)
  A gnoll zombie (D:2)
  5 goblins
  A hobgoblin (D:1)
  2 jackals (D:2)
  6 kobolds
  A quokka (D:2)
  A ball python (D:2)
  8 bats
  3 frilled lizards
  3 rats
40 creatures vanquished.

Vanquished Creatures (others)
  A fungus (D:2)
1 creature vanquished.

Grand Total: 58 creatures vanquished

Notes
Turn   | Place    | Note
-------+----------+-------------------------------------------
     0 | D:1      | tminei the Vampire Summoner began the quest for the Orb.
     0 | D:1      | Reached XP level 1. HP: 13/13 MP: 3/3
   544 | D:1      | Reached XP level 2. HP: 17/19 MP: 0/5
   752 | D:1      | Learned a level 2 spell: Call Imp
   971 | D:2      | HP: 1/19 [poisoned by an adder]
  1186 | D:2      | Reached XP level 3. HP: 17/24 MP: 3/6
  1224 | D:2      | Found a snail-covered altar of Cheibriados.
  1385 | D:2      | Found a blossoming altar of Fedhas.
  2382 | D:2      | Found an opulent altar of Gozag.
  2399 | D:2      | Became a worshipper of Gozag Ym Sagoz the Greedy
  2405 | D:2      | Learned a level 3 spell: Summon Guardian Golem
  2733 | D:2      | Found a basalt altar of Yredelemnul.
  3368 | D:3      | Reached skill level 3 in Spellcasting
  3368 | D:3      | Reached XP level 4. HP: 23/31 MP: 0/8
  3471 | D:3      | Noticed Ethylacetat's ghost (amateur NaAK)
  3620 | D:3      | Learned a level 3 spell: Call Canine Familiar
  3896 | D:3      | Slain by Ethylacetat's ghost

Skill      XL: |  1  2  3 |
---------------+----------+-----
Spellcasting   | 3 |  3.1
Fighting       | |  0.5
Dodging        | |  2.3
Stealth        | |  3.0
Unarmed Combat | |  0.3
Summonings     | |  4.9

Action                   |  1- 3 |  4- 6 || total
-------------------------+-------+-------++-------
Melee: Unarmed           |    19 |       ||    19
       Spear             |    46 |    18 ||    64
       Short sword       |     5 |       ||     5
       Bite              |     5 |     2 ||     7
 Cast: Summon Small Mamm |    86 |    11 ||    97
       Call Imp          |    12 |     8 ||    20
       Summon Guardian G |     3 |     2 ||     5
Invok: Potion Petition   |     1 |       ||     1
  Use: Scroll            |     8 |     1 ||     9
       Potion            |     9 |     1 ||    10
 Stab: Sleeping          |     1 |       ||     1
       Distracted        |     2 |       ||     2
       Invisible         |     2 |       ||     2
Armor: Robe              |    26 |    15 ||    41
Dodge: Dodged            |   122 |    40 ||   162
